Map: Thunderbird LE

Players

Lambo

  • Race: Zerg Zerg
  • League: Grandmaster
  • Spawn Location: 11:00

llllllllllll (Stats) - Winner!

  • Race: Protoss Protoss
  • League: Grandmaster
  • Spawn Location: 5:00

Event: HomeStory Cup XIX

VOD

Have the link to the VOD?

Description

Time

  • Played on: June 29, 2019, 9:40 a.m.
  • Length: 16:49

All games in this series

Show
View Real Time Build Order
Export as new Build Order

Lambo Zerg 

Build Orders: Hatch First 

Get SALT Encoding   

  12  0:01  Drone  
  13  0:12  Overlord  
  13  0:17  Drone  
  14  0:32  Drone x2  
  16  0:47  Hatchery  
  15  0:51  Drone  
  15  0:54  Drone  
  17  0:59  Drone  
  18  1:08  Extractor  
  17  1:13  Spawning Pool  
  17  1:17  Drone  
  17  1:19  Drone  
  18  1:28  Drone  
  19  1:40  Drone  
  20  1:51  Overlord  
  20  1:59  Queen x2  
  20  2:00  Zergling x4  
  26  2:11  Drone x2  
  28  2:22  Drone x2  
  30  2:32  Drone x2  
  30  2:35  Hatchery  
  31  2:39  Pneumatized Carapace  
  31  2:43  Drone  
  32  2:45  Overlord  
  32  2:52  Queen  
  32  2:56  Drone  
  32  2:58  Drone  
  36  3:05  Drone x2  
  38  3:09  Drone x3  
  41  3:13  Metabolic Boost  
  41  3:15  Overlord  
  41  3:19  Drone  
  42  3:24  Drone  
  43  3:31  Drone  
  43  3:33  Queen  
  46  3:37  Overlord  
  46  3:38  Drone  
  49  3:43  Drone x3  
  50  3:52  Drone  
  50  3:53  Zergling x2, Spore Crawler  
  50  3:55  Queen  
  53  3:58  Zergling x6, Spore Crawler  
  55  4:06  Lair  
  55  4:07  Zergling x6  
  58  4:11  Zergling x6  
  58  4:14  Zergling x4  
  63  4:18  Queen  
  63  4:21  Overlord  
  65  4:26  Zergling x2  
  65  4:28  Overlord  
  66  4:31  Overlord  
  66  4:33  Overlord  
  66  4:37  Overlord  
  66  4:38  Overlord  
  66  4:46  Queen  
  66  4:49  Drone x5  
  72  4:54  Drone x2  
  72  4:55  Drone x2  
  76  5:00  Drone  
  76  5:05  Extractor  
  76  5:06  Extractor  
  75  5:07  Hydralisk Den  
  75  5:08  Zergling x10  
  77  5:20  Zergling x6  
  77  5:26  Drone x3  
  77  5:28  Drone  
  73  5:29  Drone x2  
  73  5:33  Drone  
  73  5:34  Evolution Chamber  
  74  5:36  Drone x5  
  74  5:38  Drone  
  74  5:39  Muscular Augments  
  74  5:41  Drone  
  81  5:43  Evolution Chamber  
  81  5:46  Drone  
  81  5:49  Drone  
  82  5:54  Extractor  
  82  5:55  Drone, Extractor  
  82  5:56  Drone  
  82  5:57  Hatchery  
  82  6:00  Drone x2  
  82  6:03  Overlord  
  82  6:05  Hydralisk x3  
  82  6:10  Zerg Missile Weapons Level 1, Drone x3  
  91  6:13  Baneling Nest  
  91  6:15  Hydralisk  
  91  6:16  Overseer  
  92  6:21  Hydralisk  
  92  6:25  Hydralisk  
  90  6:29  Drone x3  
  90  6:30  Drone x2  
  90  6:32  Extractor  
  96  6:41  Zerg Melee Weapons Level 1  
  96  6:42  Drone x3  
  99  6:47  Hydralisk x3, Overlord  
  99  6:50  Zergling x4  
  107  6:55  Overseer  
  107  6:56  Hydralisk  
  108  7:03  Zergling x12  
  108  7:05  Overlord  
  113  7:09  Overlord  
  113  7:12  Zergling x14  
  113  7:13  Baneling x6  
  120  7:18  Hydralisk  
  120  7:20  Hydralisk  
  124  7:23  Hydralisk x2  
  124  7:25  Baneling x4  
  124  7:26  Baneling  
  124  7:27  Hydralisk  
  130  7:33  Overlord  
  130  7:35  Overlord  
  131  7:37  Zergling x14  
  137  7:46  Zergling x10  
  137  7:47  Zergling x2  
  143  7:54  Zergling x8  
  143  7:57  Overlord  
  146  8:01  Zergling x10  
  146  8:04  Zerg Missile Weapons Level 2  
  146  8:05  Infestation Pit, Drone x3  
  153  8:12  Zergling x10  
  158  8:16  Grooved Spines  
  158  8:17  Drone x3  
  161  8:23  Overlord x2  
  161  8:26  Centrifical Hooks  
  161  8:27  Overlord  
  161  8:32  Overlord  
  161  8:34  Overlord  
  161  8:37  Overlord  
  161  8:41  Hive  
  161  8:42  Drone x7, Spire  
  161  8:44  Baneling, Extractor  
  161  8:46  Hydralisk x2  
  170  8:49  Zerg Melee Weapons Level 2  
  170  8:53  Hydralisk  
  172  8:58  Hydralisk x2  
  176  9:02  Hatchery  
  176  9:04  Zergling x12  
  176  9:08  Hydralisk x2  
  183  9:12  Queen  
  185  9:23  Overlord  
  185  9:24  Zergling x24  
  185  9:25  Zergling x4  
  199  9:32  Overseer  
  199  9:38  Baneling x20, Zergling x2  
  199  9:43  Baneling x5  
  199  9:50  Baneling x9  
  199  9:59  Zergling x2  
  199  10:00  Zergling x28  
  199  10:02  Zergling x4  
  199  10:03  Zergling x2  
  199  10:06  Hydralisk x4  
  181  10:09  Hydralisk x3  
  181  10:13  Greater Spire  
  177  10:15  Hydralisk  
  177  10:19  Hydralisk x2  
  181  10:21  Hydralisk  
  181  10:23  Zergling x8  
  181  10:27  Extractor  
  185  10:33  Drone  
  186  10:40  Overlord  
  186  10:49  Corruptor x5  
  192  10:55  Extractor x2  
  190  10:59  Zergling x20  
  190  11:02  Baneling x12  
  198  11:27  Queen  
  194  11:37  Brood Lord, Overlord x4  
  196  11:45  Overlord  
  196  11:46  Overlord  
  190  11:54  Zerg Missile Weapons Level 3  
  189  11:55  Brood Lord  
  189  11:57  Pathogen Glands  
  189  11:58  Brood Lord  
  189  11:59  Brood Lord x2  
  196  12:01  Overlord  
  196  12:03  Corruptor x2  
  185  12:11  Zergling x26  
  194  12:27  Extractor  
  194  12:28  Extractor, Zerg Melee Weapons Level 3  
  192  12:37  Corruptor x2  
  192  12:38  Hatchery  
  192  12:40  Infestor  
  199  12:53  Brood Lord, Neural Parasite  
  199  12:56  Overseer  
  190  13:06  Spore Crawler  
  190  13:07  Brood Lord x2  
  190  13:08  Zergling x24, Brood Lord  
  190  13:09  Spore Crawler  
  190  13:10  Spore Crawler  
  190  13:11  Infestor  
  192  13:13  Zergling x16  
  192  13:17  Baneling  
  192  13:18  Baneling x5  
  199  13:40  Baneling x7  
  198  13:46  Overlord  
  198  13:47  Infestor  
  199  13:51  Zerg Flyer Weapons Level 1  
  199  14:08  Overseer x2  
  195  14:18  Infestor x3  
  195  14:22  Drone x7  
  199  14:29  Spore Crawler x2  
  199  14:30  Spore Crawler x3  
  199  14:31  Infestor x2, Spore Crawler x2  
  194  14:32  Spore Crawler x3  
  191  14:40  Infestor x3  
  196  14:47  Infestor  
  196  14:48  Infestor  
  195  14:55  Infestor x2  
  195  14:58  Spore Crawler  
  195  14:59  Spore Crawler  
  191  15:07  Corruptor x2  
  189  15:22  Corruptor  
  189  15:23  Corruptor  
  189  15:28  Corruptor  
  180  15:30  Zergling x26  
  186  15:48  Brood Lord x2  
  181  15:54  Zergling x18  
  179  16:01  Zergling x2  
  179  16:02  Zergling x6  
  156  16:05  Hydralisk  
  127  16:12  Brood Lord x3  
  133  16:22  Hydralisk x3  
Show
View Real Time Build Order
Export as new Build Order

llllllllllll Protoss - Winner!

Build Orders: 1 Gate Expand, Archon Immortal, Dark Templar Rush 

Get SALT Encoding   

  12  0:00  Probe  
  13  0:13  Probe  
  14  0:20  Pylon  
  14  0:25  Probe  
  15  0:31  Assimilator  
  15  0:34  Probe  
  15  0:42  Probe  
  16  0:46  Gateway  
  17  0:52  Probe  
  18  1:04  Probe  
  19  1:16  Probe  
  20  1:23  Nexus  
  20  1:33  Cybernetics Core  
  20  1:34  Probe  
  20  1:39  Assimilator  
  21  1:46  Probe  
  22  1:49  Pylon  
  22  1:59  Probe  
  22  2:00  Stalker  
  23  2:10  Warp Gate  
  23  2:11  Probe  
  26  2:17  Twilight Council  
  26  2:23  Probe  
  27  2:32  Probe x2  
  27  2:36  Robotics Facility  
  29  2:40  Probe x2  
  30  2:49  Probe  
  30  2:50  Probe  
  33  3:01  Probe  
  33  3:02  Probe, Dark Shrine  
  35  3:06  Adept  
  37  3:13  Probe  
  37  3:14  Probe  
  37  3:17  Gateway  
  39  3:20  Warp Prism  
  39  3:22  Gateway  
  39  3:32  Probe  
  39  3:34  Probe  
  43  3:37  Pylon  
  43  3:42  Assimilator  
  43  3:44  Assimilator  
  43  3:46  Probe  
  43  3:47  Probe  
  45  3:50  Pylon  
  45  3:58  Probe  
  45  3:59  Probe  
  45  4:00  Observer, Pylon  
  48  4:11  Probe x2  
  48  4:16  Adept, Dark Templar x2  
  56  4:24  Immortal  
  60  4:25  Probe  
  60  4:27  Probe  
  62  4:49  Sentry, Adept x2  
  62  4:51  Nexus  
  68  5:00  Pylon  
  68  5:01  Pylon  
  68  5:03  Probe x2  
  69  5:18  Immortal  
  69  5:19  Adept x2  
  69  5:21  Sentry  
  73  5:22  Probe x2  
  75  5:34  Probe x2, Archon  
  77  5:39  Forge  
  77  5:45  Stalker x3  
  83  5:50  Probe x2, Phoenix  
  83  5:56  Pylon  
  85  5:58  Immortal  
  89  6:04  Probe x2  
  89  6:05  Probe  
  89  6:10  Gateway  
  92  6:11  Gateway  
  92  6:14  Sentry x2  
  92  6:15  Sentry  
  98  6:18  Protoss Ground Weapons Level 1  
  98  6:22  Charge  
  98  6:27  Probe  
  98  6:28  Probe x2  
  98  6:30  Shield Battery  
  98  6:31  Photon Cannon, Immortal  
  101  6:34  Gateway  
  101  6:43  Probe x3  
  101  6:44  Pylon  
  108  7:03  Pylon  
  108  7:04  Pylon  
  108  7:05  Zealot x4  
  108  7:06  Templar Archives  
  108  7:08  Pylon  
  116  7:09  Pylon  
  116  7:13  Assimilator  
  116  7:14  Assimilator  
  116  7:23  Immortal  
  116  7:27  Psionic Storm  
  116  7:28  Zealot x5  
  130  7:30  Zealot  
  132  7:45  Probe x2  
  132  7:46  Probe  
  135  7:57  High Templar x4  
  143  8:00  Probe x3  
  143  8:04  Robotics Facility  
  146  8:06  Photon Cannon  
  146  8:14  Pylon  
  146  8:17  Protoss Ground Weapons Level 2  
  146  8:18  Immortal  
  148  8:22  Pylon  
  148  8:29  Photon Cannon  
  148  8:30  Photon Cannon  
  148  8:33  Photon Cannon  
  148  8:37  Nexus  
  148  8:40  High Templar, Pylon  
  148  8:41  High Templar  
  152  8:47  Immortal, Gateway  
  152  8:48  Gateway  
  152  8:50  Gateway  
  152  8:51  Photon Cannon  
  152  8:52  Photon Cannon  
  152  8:53  Shield Battery  
  152  8:56  Immortal  
  160  9:14  Pylon  
  160  9:18  Probe x3  
  160  9:22  Assimilator  
  163  9:25  Assimilator  
  163  9:30  Probe x3  
  166  9:31  High Templar x2  
  166  9:32  Zealot x2, High Templar x2  
  166  9:35  Archon  
  166  9:36  Archon  
  178  9:42  Probe x3  
  181  9:46  Pylon  
  181  9:50  Stargate  
  131  10:14  Immortal  
  131  10:15  Immortal  
  131  10:16  High Templar x2  
  131  10:17  Zealot x7  
  153  10:27  Protoss Ground Weapons Level 3  
  153  10:38  Stalker  
  153  10:40  Blink, High Templar  
  153  10:41  Zealot x4, High Templar  
  167  10:52  Warp Prism  
  167  10:53  Observer  
  161  11:03  High Templar  
  161  11:04  Zealot x5, High Templar  
  178  11:24  Nexus  
  176  11:25  Pylon  
  168  11:33  Zealot, High Templar x4  
  168  11:34  Zealot x2  
  168  11:37  Archon  
  168  11:38  Archon  
  172  11:49  Fleet Beacon  
  172  11:52  Zealot x2  
  172  11:54  Zealot x3  
  179  12:05  Zealot x2, Stargate  
  165  12:09  Stargate  
  165  12:12  Oracle  
  165  12:13  Zealot  
  167  12:21  Stalker x4  
  167  12:22  Stalker x2  
  180  12:25  Mothership  
  172  12:30  Stalker x2  
  172  12:35  Stalker  
  176  12:48  Nexus  
  176  12:50  Pylon  
  184  12:59  Tempest x3  
  185  13:31  Zealot x2  
  185  13:32  Zealot x5  
  199  13:40  Tempest x2  
  199  13:41  Tempest  
  189  13:43  Warp Prism  
  200  13:50  Shield Battery  
  200  13:51  Shield Battery  
  200  13:53  Photon Cannon  
  200  13:54  Photon Cannon  
  200  13:56  Photon Cannon  
  200  13:59  Assimilator  
  200  14:02  Assimilator  
  200  14:06  Pylon  
  200  14:15  Protoss Shields Level 1  
  200  14:17  Protoss Air Weapons Level 1  
  200  14:35  Observer, High Templar x3  
  198  14:40  Gateway x2  
  198  14:41  Gateway  
  198  14:43  Gateway  
  182  15:47  Stalker  
  182  15:48  Stalker x7  
  178  15:58  Tempest x3  
  170  16:07  Stalker  
  170  16:08  Stalker  
  170  16:09  Stalker x3  
  163  16:11  Observer x2  
  163  16:12  Stalker x6  
  163  16:13  Stalker x2  
  157  16:33  Archon  
  157  16:38  Stalker x7  
  157  16:39  Stalker x6  
Tags
 
Add a new tag
Caveats
  • Supply blocks, unpowered buildings, or Contaminate may cause inaccurate times.
  • Supply counts are checked every 10 seconds.